[Event "Titled Tuesday Blitz July 20 2021"]
[White "Zhigalko, Sergei"]
[Black "Seo, Jung Min"]
[WhiteFideId "13502956"]
[BlackFideId "1734687"]
[WhiteElo "2662"]
[BlackElo "2486"]
[Result "1-0"]
[Round "11"]
[TimeControl "180+1"]
[Date "2021.07.20"]
[WhiteClock "0:00:03"]
[BlackClock "0:00:02"]

1. e4 c6 2. d4 d5 3. e5 c5 4. Nf3 cxd4 5. Qxd4 Nc6 6. Qf4 e6 7. Bd3 Nge7 8. O-O Ng6 9. Qg3 Be7 10. Nc3 O-O 11. a3 a6 12. Re1 b5 13. Ne2 b4 14. axb4 Nxb4 15. Bxg6 fxg6 16. Ned4 Bd7 17. Bg5 Nc6 18. Nxc6 Bxc6 19. Bxe7 Qxe7 20. Nd4 Bd7 21. Ra2 a5 22. Rea1 a4 23. b3 Qb4 24. c3 Qc5 25. bxa4 Rfc8 26. Ra3 Qc4 27. a5 Ra6 28. h4 Rca8 29. Rb1 Qc5 30. Rab3 Rxa5 31. Rb8+ Bc8 32. Nxe6 Qe7 33. Nd4 Qc7 34. e6 Qxg3 35. fxg3 Kf8 36. e7+ Ke8 37. Nc6 R5a6 38. Rf1 Rxc6 39. Rxa8 Kxe7 40. Ra7+ Bd7 41. Rf3 Rc4 42. Kf2 d4 43. cxd4 Rxd4 44. Re3+ Kf7 45. Rc3 h6 46. Ke2 Rd6 47. Rf3+ Ke7 48. Rd3 Rxd3 49. Kxd3 g5 50. hxg5 hxg5 51. Ke4 Ke6 52. Ra6+ Kf7 53. Ke5 Bc8 54. Rb6 Bg4 55. Rb7+ Kg6 56. Rc7 Be2 57. Re7 Bf1 58. Re6+ Kf7 59. Rd6 Bxg2 60. Kf5 Bh3+ 61. Kxg5 Be6 62. Rb6 Bd5 63. Kf5 Bc4 64. Rb7+ Kg8 65. Rc7 Bd3+ 66. Ke6 Kh7 67. Ke7 Kh6 68. Kf8 g5 69. Kf7 Kh5 70. Kf6 Kg4 71. Rc5 Kxg3 72. Rc3 g4 73. Kg5 1-0


[Site "https://www.chess.com"]